 Dungeon Crawl Stone Soup version 0.17.0-28-g6e173f8 (webtiles) character file.

504 dohliylev the Covert (level 6, -21/46 HPs)
             Began as a Vampire Assassin on Nov 28, 2015.
             Killed from afar by an orc (28 damage)
             ... with a wand of fire
             ... on level 4 of the Dungeon.
             The game lasted 00:14:27 (3059 turns).

dohliylev the Covert (Vampire Assassin)             Turns: 3059, Time: 00:14:28

Health: -21/46     AC:  3    Str: 10    XL:     6   Next: 96%
Magic:  6/6        EV: 14    Int: 14    God:
Gold:   182        SH:  0    Dex: 17    Spells: 0 memorised, 5 levels left

rFire  . . .     SeeInvis +     b - +0 blowgun
rCold  + . .     Clarity  .     c - +0 robe
rNeg   + + .     SustAt   .     (no shield)
rPois  +         Gourm    .     (no helmet)
rElec  .         Spirit   .     d - +0 cloak
rCorr  .         Warding  .     (no gloves)
rMut   .         Stasis   .     (no boots)
MR     .....                    (no amulet)
Stlth  +++++.....               (no ring)
                                (no ring)

@: regenerating slowly, not resistant to hostile enchantments, quite stealthy
A: fangs 3, see invisible, unbreathing
a: Bat Form


You were on level 4 of the Dungeon.
You were thirsty.

You visited 1 branch of the dungeon, and saw 4 of its levels.

You collected 182 gold pieces.

Inventory:

Hand Weapons
 b - a +0 blowgun (weapon)
 m - a +3 dagger
Missiles
 e - 13 poisoned needles (quivered)
 f - 2 curare-tipped needles
 r - 17 tomahawks
Armour
 c - a +0 robe (worn)
 d - a +0 cloak (worn)
Jewellery
 l - a cursed ring of teleportation {unknown}
 o - an uncursed amulet of the gourmand {unknown}
 t - a cursed ring of teleportation {unknown}
Scrolls
 a - 5 scrolls of identify {unknown}
 h - a scroll of magic mapping {unknown}
 i - a scroll of teleportation {unknown}
 j - 2 scrolls of blinking {unknown}
 q - a scroll of fog {unknown}
 v - 4 scrolls of recharging {unknown}
 x - 3 scrolls of remove curse {unknown}
 y - a scroll of enchant weapon {unknown}
 z - 2 scrolls of enchant armour {unknown}
Potions
 g - 24 potions of blood
 k - a potion of curing {unknown}
 n - a potion of cancellation {unknown}
 p - a potion of agility {unknown}
 s - 2 potions of mutation {unknown}
 u - a potion of poison {unknown}
 w - a potion of magic {unknown}


   Skills:
 + Level 2.5 Fighting
 + Level 3.2 Short Blades
 + Level 2.4 Throwing
 + Level 3.6 Dodging
 * Level 9.9 Stealth


You had 5 spell levels left.
You didn't know any spells.

Dungeon Overview and Level Annotations

Branches:
Dungeon (4/15)
 Temple: D:4-7

Altars:
Trog
Yredelemnul

Shops:
D:4 !


Innate Abilities, Weirdness & Mutations

You heal slowly.
You have razor-sharp teeth.
You have supernaturally acute eyesight.
You can survive without breathing.


Message History

Wield which item (- for none, * to show all)? (? for menu, Esc to quit)
m - a +3 dagger (weapon)
The orc shouts!
You hit the orc. Your bite misses the orc.
The orc is severely wounded.
The orc closely misses you.
The orc zaps a wand.
The bolt of fire hits the orc.
The orc dies!
The bolt of fire misses you.
It is a wand of fire.
Wield which item (- for none, * to show all)? (? for menu, Esc to quit)
b - a +0 blowgun (weapon)
Firing (i - inventory. (,) - cycle):
e - 14 poisoned needles (quivered)
Press: ? - help, Shift-Dir - straight line, f - orc
Aim: an orc, wearing a robe and carrying a wand of fire {zapped: 1} You shoot a poisoned needle.
The poisoned needle hits the orc!
The orc is poisoned.
The orc zaps a wand.
The bolt of fire hits you!
* * * LOW HITPOINT WARNING * * *
The orc zaps a wand.
The bolt of fire hits you!
Ouch! That really hurt!
You die...

>...........## .# .#
./......#....## .##.### .
...............## .#.(..#..
.....o...(#..#..##.#...(...
##........o..##.#..#......#
.........###.#....##.......
#######.)...[)............#
###.###.............#
..........@.##.....## #
##.###............<...#
###...#...###..............
....# #.#.# ##....#....#...
..#####.#..####...#.#..#...
<.......##.[##..##.........
##..........##.#....#.#.###.
##...#......##.#.##)#.# #..
.........(....... #)#.# ..##


You could see an orc.

Vanquished Creatures
  Grinder (D:3)
  An orc priest (D:4)
  A hound (D:4)
  3 orc wizards (D:4)
  Robin (D:2)
  5 adders
  2 oozes
  A worm (D:3)
  12 orcs
  5 bats
  A giant cockroach (D:3)
  13 goblins
  10 hobgoblins
  7 jackals (D:2)
  4 giant geckos
  A giant gecko skeleton (D:4)
  3 giant newts
  4 kobolds
  A quokka skeleton (D:4)
  13 rats
89 creatures vanquished.

Vanquished Creatures (others)
  An orc (D:4)
1 creature vanquished.

Grand Total: 90 creatures vanquished

Notes
Turn   | Place    | Note
--------------------------------------------------------------
     0 | D:1      | dohliylev the Vampire Assassin began the quest for the Orb.
     0 | D:1      | Reached XP level 1. HP: 16/16 MP: 1/1
    26 | D:1      | Reached skill level 6 in Stealth
    82 | D:1      | Reached XP level 2. HP: 19/22 MP: 2/2
   637 | D:2      | Reached skill level 7 in Stealth
   637 | D:2      | Reached XP level 3. HP: 18/27 MP: 3/3
   892 | D:2      | Noticed Robin
  1055 | D:2      | Killed Robin
  1191 | D:2      | Reached XP level 4. HP: 18/33 MP: 4/4
  1318 | D:3      | Noticed a moth of wrath
  1321 | D:3      | Found a bloodstained altar of Trog.
  1350 | D:3      | Reached skill level 8 in Stealth
  1990 | D:3      | Noticed Grinder
  1993 | D:3      | Paralysed by Grinder for 6 turns
  2014 | D:3      | Killed Grinder
  2014 | D:3      | Reached skill level 9 in Stealth
  2014 | D:3      | Reached XP level 5. HP: 4/39 MP: 5/5
  2014 | D:3      | Reached XP level 6. HP: 4/45 MP: 6/6
  2452 | D:3      | Found a faded altar to an unknown god.
  2839 | D:4      | Found a basalt altar of Yredelemnul.
  3018 | D:4      | Found Guxe's Distillery.
  3059 | D:4      | Killed from afar by an orc

Action                   |  1- 3 |  4- 6 || total
-------------------------+-------+-------++-------
Melee: Dagger            |   105 |   121 ||   226
 Fire: Blowgun           |    13 |    26 ||    39
 Abil: End Transformatio |     3 |       ||     3
       Bat Form          |     3 |       ||     3
  Use: Potion            |       |     5 ||     5
 Stab: Sleeping          |    13 |    16 ||    29
       Distracted        |       |     2 ||     2
